 Dungeon Crawl Stone Soup version 0.31.0-11-ge490571c62 (webtiles) character file.

Game seed: 14478239860750292360

1221 Minsecho the Slasher (level 8, -4/52 HPs)
             Began as a Tengu Reaver on Feb 11, 2024.
             Slain by Duvessa
             ... wielding a +0 rapier
              (6 damage)
             ... on level 5 of the Dungeon.
             The game lasted 00:08:09 (3176 turns).

Minsecho the Slasher (Tengu Reaver)                 Turns: 3176, Time: 00:08:10

Health: -4/52      AC: 12    Str: 12    XL:     8   Next: 47%
Magic:  12/12      EV: 16    Int: 14    God:
Gold:   301        SH:  0    Dex: 15    Spells: 5/11 levels left

rFire   + . .        v - +2 dagger (elec)
rCold   . . .        (no shield)
rNeg    . . .        l - +2 ring mail {rPois}
rPois   +            c - +2 hat
rElec   .            (no cloak)
rCorr   .            k - +1 pair of gloves
SInv    .            (boots unavailable)
Will    .....        (no amulet)
Stlth   +            (no ring)
HPRegen 0.28/turn    (no ring)
MPRegen 0.13/turn

%: acrobat
@: mighty, flying
A: beak, talons 3, evasive flight, acrobatic, fire resistance 1, robust 1,
subdued magic 1
a: no special abilities


You were on level 5 of the Dungeon.
You visited 1 branch of the dungeon, and saw 5 of its levels.

You collected 301 gold pieces.

Inventory:

Hand Weapons
 a - a +0 falchion
 q - the +5 hand axe "Nieptiu" {venom, rF+}
   (You found it on level 3 of the Dungeon)

   rF+:       It protects you from fire.
 v - a +2 dagger of electrocution (weapon)
Missiles
 m - 7 poisoned darts
 p - 4 curare-tipped darts
Armour
 c - a +2 hat (worn)
 e - an orb of guile
 j - a +2 ring mail of fire resistance
 k - a +1 pair of gloves (worn)
 l - a +2 ring mail of poison resistance (worn)
Jewellery
 x - an amulet of guardian spirit
Wands
 n - a wand of flame (19)
Scrolls
 b - a scroll of amnesia {unknown}
 d - a scroll of silence {unknown}
 h - a scroll of revelation {unknown}
 i - a scroll of teleportation {unknown}
 o - a scroll of noise {unknown}
 s - a scroll of poison {unknown}
 u - a scroll of enchant weapon {unknown}
 w - a scroll of fear {unknown}
Potions
 f - a potion of mutation
 g - a potion of curing
 r - a potion of lignification {unknown}
 t - a potion of might


   Skills:
 * Level 4.6 Fighting
 + Level 5.8 Long Blades
 + Level 3.9 Armour
 + Level 4.4 Dodging
 + Level 0.4 Stealth
 + Level 2.3 Spellcasting
 + Level 4.4 Conjurations
 * Level 2.6 Translocations
 * Level 4.7 Air Magic
 + Level 0.1 Evocations


You had 5 spell levels left.
You knew the following spells:

 Your Spells              Type           Power      Damage    Failure   Level
a - Kiss of Death         Conj/Necr      24%        2d7       17%         1
b - Momentum Strike       Conj/Tloc      16%        3d8       14%         2
c - Swiftness             Air            11%        N/A       19%         3

Your spell library contained the following spells:

 Spells                   Type           Power      Damage    Failure   Level
 Shock                    Conj/Air       44%        1d5       6%          1
 Hailstorm                Conj/Ice       6%         3d5       47%         3
 Airstrike                Air            5%         2d(1-17)  52%         4
 Inner Flame              Hex/Fire       1%         N/A       78%         3
 Irradiate                Conj/Alch      3%         3d12      99%         5
 Ignition                 Fire           0%         3d3       100%        8


Dungeon Overview and Level Annotations

Branches:
Dungeon (5/15)
 Temple: D:4-7

Altars:
Ru

Shops:
D:1 =

Annotations:
D:5 Duvessa


Innate Abilities, Weirdness & Mutations

You have a beak for a mouth.
You have claws for feet.
Your magical flight helps you evade attacks. (EV +4)
You can magically evade attacks while moving or waiting.
Your flesh is heat resistant. (rF+)
You are robust. (+10% HP)
Your spells are a little easier to cast, but a little less powerful.


Message History

You hit Duvessa but do no damage.
Duvessa is lightly wounded.
Duvessa hits you with a +0 rapier!
You barely miss Duvessa. You claw Duvessa, but do no damage.
Duvessa is lightly wounded.
Duvessa hits you with a +0 rapier!
It was a potion of curing.
You feel better. Duvessa hits you with a +0 rapier. Duvessa misses you.
It was a potion of mutation.
You feel extremely strange.
You feel resistant to heat.
You feel robust.
Your connection to magic feels subdued.
Duvessa hits you with a +0 rapier.
Unknown command.
Okay, then.
Unknown command.
You hit Duvessa but do no damage.
Duvessa is lightly wounded.
Duvessa barely misses you.
Okay, then.
Duvessa rages.
Duvessa attacks as she pursues you! Duvessa completely misses you.
Duvessa hits you with a +0 rapier!
* * * LOW HITPOINT WARNING * * *
Okay, then.
It was a potion of might.
You feel very mighty all of a sudden. Duvessa hits you with a +0 rapier!
* * * LOW HITPOINT WARNING * * *
You feel better. Duvessa hits you with a +0 rapier.
* * * LOW HITPOINT WARNING * * *
Duvessa completely misses you.
You feel better. Duvessa hits you with a +0 rapier!
* * * LOW HITPOINT WARNING * * *
You feel better. Duvessa hits you with a +0 rapier!
* * * LOW HITPOINT WARNING * * *
Duvessa misses you.
You closely miss Duvessa. Your peck misses Duvessa.
Duvessa is lightly wounded.
Duvessa hits you with a +0 rapier.
You die...

.......###....#
###..#. #.##)#
#..#.. #.#..#
#.##. #.#.##
#.##. #.#.#
#..####.#∩# ####
......#.#.#.....
#.......(......
#####@e........
#.)........
#..........
#..........
#.#........
#..........
#.###..... ..#
####


You could see Duvessa (berserk).

Vanquished Creatures
  The ghost of Minsecho the Apothecary, a novice OpAl (D:5)
  Grinder (D:3)
  A black bear (D:5)
  A centaur (D:5)
  A scorpion (D:4)
  Dowan (D:5)
  An orc priest (D:4)
  A jelly (D:5)
  A bombardier beetle (D:4)
  3 hounds
  2 iguanas (D:4)
  Natasha (thrice) (D:3)
  Robin (D:3)
  6 adders
  A white imp (D:5)
  4 ribbon worms
  3 dart slugs
  9 orcs
  5 ball pythons
  5 bats
  4 endoplasms (D:4)
  7 giant cockroaches
  16 goblins
  9 hobgoblins
  4 quokkas
  6 frilled lizards
  8 kobolds
  5 rats
110 creatures vanquished.

Notes
Turn   | Place    | Note
-------+----------+-------------------------------------------
     0 | D:1      | Minsecho the Tengu Reaver began the quest for the Orb.
     0 | D:1      | Reached XP level 1. HP: 12/12 MP: 4/4
   189 | D:1      | Reached XP level 2. HP: 16/17 MP: 6/6
   235 | D:1      | Learned a level 2 spell: Momentum Strike
   304 | D:1      | Found a faded altar of an unknown god.
   499 | D:1      | Found Hifebac's Jewellery Shoppe.
   715 | D:2      | Reached XP level 3. HP: 20/21 MP: 7/7
  1250 | D:3      | Reached XP level 4. HP: 27/27 MP: 8/8
  1278 | D:3      | Learned a level 3 spell: Swiftness
  1283 | D:3      | Noticed Natasha
  1291 | D:3      | Killed Natasha
  1292 | D:3      | Reached skill level 1 in Air Magic
  1303 | D:3      | Noticed Natasha
  1306 | D:3      | Killed Natasha
  1307 | D:3      | Reached skill level 1 in Armour
  1311 | D:3      | Noticed Natasha
  1315 | D:3      | Killed Natasha
  1316 | D:3      | Reached XP level 5. HP: 31/31 MP: 5/9
  1366 | D:3      | Reached skill level 4 in Long Blades
  1508 | D:3      | Identified the +5 hand axe "Nieptiu" {venom, rF+}
  1741 | D:3      | Noticed Robin
  1776 | D:3      | Killed Robin
  1777 | D:3      | Reached skill level 1 in Translocations
  1817 | D:3      | Noticed Grinder
  1826 | D:3      | Paralysed by Grinder for 2 turns
  1832 | D:3      | Killed Grinder
  1833 | D:3      | Reached XP level 6. HP: 22/37 MP: 2/10
  2061 | D:4      | Gained mutation: Your magical flight helps you evade
                  | attacks. (EV +4) [Tengu growth]
  2061 | D:4      | Reached XP level 7. HP: 14/38 MP: 9/11
  2347 | D:4      | Reached skill level 5 in Long Blades
  2944 | D:5      | Entered Level 5 of the Dungeon
  2989 | D:5      | Found a sacrificial altar of Ru.
  3076 | D:5      | Noticed Dowan
  3076 | D:5      | Noticed Duvessa
  3088 | D:5      | Reached XP level 8. HP: 48/48 MP: 12/12
  3095 | D:5      | Killed Dowan
  3109 | D:5      | Found a runed translucent door.
  3109 | D:5      | Noticed Minsecho's ghost (novice OpAl)
  3125 | D:5      | Killed Minsecho's ghost
  3169 | D:5      | Gained mutation: Your flesh is heat resistant. (rF+)
                  | [potion of mutation]
  3169 | D:5      | Gained mutation: You are robust. (+10% HP) [potion of
                  | mutation]
  3169 | D:5      | Gained mutation: Your spells are a little easier to cast,
                  | but a little less powerful. [potion of mutation]
  3175 | D:5      | HP: 2/52 [Duvessa/+0 rapier (11)]
  3176 | D:5      | Slain by Duvessa

Illustrated notes

Levels and vault maps discovered:
D:1:      dpeg_arrival_arbitrary_b, layout_loops_ring, serial_shops,
          nicolae_lakefront_shop, dreamdust_ecumenical_altar_angels_and_demons
D:2:      layout_rooms
D:3:      layout_rooms, portal_sewer_entry_d, grunt_ministairs_3,
          kennysheep_path_1, uniq_grinder, uniq_natasha, uniq_robin
D:4:      minmay_razor_zed, layout_rooms
D:5:      layout_rooms, mainiacjoe_overflow_alcove_2,
          mainiacjoe_overflow_catwalk, minmay_temple_entry_statues_pillars,
          gammafunk_ghost_grave, abandoned_shop, uniq_duvessa

Skill      XL: |  1  2  3  4  5  6  7  8 |
---------------+-------------------------+-----
Air Magic      | 1 2 3 4 |  4.7
Armour         | 1 2 3 |  3.9
Dodging        | 3 4 |  4.4
Long Blades    | 4 5 |  5.8
Translocations | 1 2 |  2.6
Fighting       | 3 4 |  4.6
Stealth        | |  0.4
Spellcasting   | |  2.3
Conjurations   | |  4.4
Evocations     | |  0.1

Action                     |  1- 3 |  4- 6 |  7- 9 || total
---------------------------+-------+-------+-------++-------
  Melee: Falchion          |   104 |    95 |    45 ||   244
         Kick              |    17 |    16 |    46 ||    79
         Peck              |    18 |    15 |    35 ||    68
         Dagger            |       |       |    99 ||    99
         Punch             |       |       |     2 ||     2
  Throw: Dart              |       |       |     2 ||     2
   Cast: Momentum Strike   |       |     4 |       ||     4
         Kiss of Death     |       |     1 |       ||     1
  Evoke: Wand              |       |     3 |       ||     3
    Use: Potion            |       |       |     6 ||     6
 Armour: Leather armour    |    36 |       |       ||    36
         Ring mail         |    16 |    69 |    67 ||   152
  Dodge: Dodged            |    88 |    73 |   114 ||   275
